 Dungeon Crawl Stone Soup version 0.25.1-2-g60ff931 (webtiles) character file.

Game seed: 16180769093925423857

200 ChiefBigBeans the Chopper (level 5, -27/47 HPs)
             Began as a Hill Orc Abyssal Knight on Sept 11, 2020.
             Was a Believer of Lugonu.
             Annihilated by an ogre
             ... wielding a +0 giant club
              (29 damage)
             ... on level 4 of the Dungeon.
             The game lasted 00:15:45 (3028 turns).

ChiefBigBeans the Chopper (Hill Orc Abyssal Knight) Turns: 3028, Time: 00:15:46

Health: -27/47     AC:  7    Str: 16    XL:     5   Next: 79%
Magic:  6/6        EV:  8    Int: 12    God:    Lugonu [**....]
Gold:   162        SH:  7    Dex: 10    Spells: 4/4 levels left

rFire    . . .     SeeInvis .   a - +2 hand axe
rCold    . . .     Gourm    .   h - +0 kite shield
rNeg     . . .     Faith    .   l - +0 ring mail
rPois    .         Spirit   .   (no helmet)
rElec    .         Reflect  .   (no cloak)
rCorr    .         Harm     .   e - +1 pair of gloves
MR       .....                  (no boots)
Stlth    +.........             (no amulet)
HPRegen  0.15/turn              (no ring)
MPRegen  0.10/turn              (no ring)

@: invisible
A: no striking features
a: Depart the Abyss, Bend Space, Renounce Religion


You were on level 4 of the Dungeon.
You worshipped Lugonu.
Lugonu was pleased with you.
You were not hungry.

You visited 1 branch of the dungeon, and saw 4 of its levels.
You visited the Abyss 1 time.

You collected 162 gold pieces.

Inventory:

Hand Weapons
 a - a +2 hand axe (weapon)
 b - a +0 dagger of venom
Armour
 e - a +1 pair of gloves (worn)
 h - a +0 kite shield (worn)
 l - a +0 ring mail (worn)
Scrolls
 d - a scroll of noise {unknown}
 i - a scroll of identify
 k - 2 scrolls of remove curse
Comestibles
 c - 9 rations


   Skills:
 + Level 4.8 Fighting
 + Level 4.9 Axes
 + Level 3.3 Armour
 - Level 1.1 Dodging
 + Level 0.7 Stealth
 * Level 1.7 Shields
 + Level 2.6 Invocations


You had 4 spell levels left.
You didn't know any spells.
Your spell library contained the following spells:

 Spells                   Type           Power        Failure   Level  Hunger
 Confusing Touch          Hex            #.......     100%        3    ####...
 Gell's Gravitas          Tloc           #.........   100%        3    ####...
 Petrify                  Tmut/Erth      #.......     100%        4    #####..
 Metabolic Englaciation   Hex/Ice        #.........   100%        5    ######.
 Yara's Violent Unravell  Hex/Tmut       #.........   100%        5    ######.


Dungeon Overview and Level Annotations

Branches:
Dungeon (4/15)
 Temple: D:4-7

Altars:


Message History

* * * LOW HITPOINT WARNING * * *
The ogre hits you with a +0 giant club.
* * * LOW HITPOINT WARNING * * *
The hound bites you.
* * * LOW HITPOINT WARNING * * *
You block the hound's attack. The hound bites you but does no damage.
The hound bites you.
* * * LOW HITPOINT WARNING * * *
Found 15 gold pieces.
The hound barely misses you.
Found a ring mail.
The hound barely misses you. The hound bites you.
* * * LOW HITPOINT WARNING * * *
You block the hound's attack.
You fade into invisibility!
The hound bites you but does no damage.
The ogre hits you with a +0 giant club!!
Ouch! That really hurt!
You die...

............
#..................
#..$...............
#..................
#..................
#...............<..
#..................
#..................
#[@h..........)....
........O...............
........................
##......................
#......................
#......................
........................
........................


You could see an ogre and a hound.

Vanquished Creatures
  An ogre (D:4)
  A hound skeleton (D:4)
  3 adders (D:2)
  A worm (D:3)
  2 dart slugs
  A leopard gecko (D:1)
  2 orcs
  2 ball pythons (D:2)
  2 giant cockroaches
  12 goblins
  9 hobgoblins
  4 jackals (D:2)
  A quokka (D:3)
  9 bats
  5 frilled lizards
  8 kobolds
  5 rats
  3 fungi (D:3)
71 creatures vanquished.

Notes
Turn   | Place    | Note
-------+----------+-------------------------------------------
     0 | Abyss:1  | ChiefBigBeans the Hill Orc Abyssal Knight began the quest
                  | for the Orb.
     0 | Abyss:1  | Reached XP level 1. HP: 19/19 MP: 2/2
     6 | D:1      | Escaped the Abyss
   255 | D:1      | Reached XP level 2. HP: 20/27 MP: 3/3
   264 | D:1      | Reached ** piety under Lugonu
   364 | D:1      | Reached XP level 3. HP: 22/34 MP: 4/4
   664 | D:2      | You fall into a shaft and drop 1 floor!
  1209 | D:2      | HP: 1/34 [adder (1)]
  1215 | D:2      | Reached skill level 1 in Dodging
  1368 | D:2      | Reached XP level 4. HP: 30/41 MP: 5/5
  2984 | D:4      | Reached skill level 1 in Shields
  2984 | D:4      | Reached XP level 5. HP: 40/47 MP: 6/6
  2997 | D:4      | Noticed an ogre
  3004 | D:4      | Noticed an ogre
  3005 | D:4      | Killed an ogre
  3018 | D:4      | HP: 1/47 [hound (2)]
  3024 | D:4      | HP: 1/47 [hound (1)]
  3028 | D:4      | Annihilated by an ogre

Illustrated notes

Levels and vault maps discovered:
D:1:      dpeg_arrival_chambers_temple_mockup, layout_basic
D:2:      layout_loops_ring, first_ration
D:3:      layout_basic, minmay_fountain_box, corexii_corridor_pit,
          uniq_crazy_yiuf_cottage
D:4:      cheibrodos_quashed, layout_basic, minmay_goblin_kobold_house,
          uniq_robin

Skill      XL: |  1  2  3  4  5 |
---------------+----------------+-----
Fighting       | 4 |  4.8
Axes           | 3 4 |  4.9
Dodging        | 1 |  1.1
Shields        | 1 |  1.7
Armour         | 3 |  3.3
Stealth        | |  0.7
Invocations    | |  2.6

Action                   |  1- 3 |  4- 6 || total
-------------------------+-------+-------++-------
Melee: Hand axe          |   208 |   106 ||   314
  Use: Scroll            |     3 |     4 ||     7
       Potion            |     3 |     3 ||     6
  Eat: Ration            |     1 |     1 ||     2
Armor: Leather armour    |    47 |     2 ||    49
       Ring mail         |       |    57 ||    57
Dodge: Dodged            |    78 |    48 ||   126
Block: Kite shield       |       |    47 ||    47
